[Event "*** Titled Tuesday Blitz"]
[Site "Chess.com"]
[Date "2020.12.01"]
[Round "1"]
[White "Zkid"]
[Black "CalinGheorghiu"]
[Result "1-0"]
[WhiteElo "2796"]
[BlackElo "2393"]
[TimeControl "180+1"]
[EndTime "10:07:01 PST"]
[Termination "Zkid won by resignation"]

1. e4 c5 2. Nf3 d6 3. d4 cxd4 4. Nxd4 Nf6 5. f3 e5 6. Nb3 d5 7. Bg5 d4 8. c3 Nc6 9. Bb5 Be6 10. cxd4 Bxb3 11. axb3 Bb4+ 12. Kf2 Qxd4+ 13. Qxd4 exd4 14. Rc1 Kd7 15. Rc4 a5 16. Rxd4+ Kc7 17. Rc4 Kb6 18. Bxc6 bxc6 19. Nc3 Nd7 20. Bf4 g5 21. Bxg5 Ne5 22. Na4+ Kb7 23. Rc2 Rhg8 24. Bf6 Nd3+ 25. Kf1 Rg6 26.
Bd4 Rd8 27. Bb6 Rdd6 28. Rd1 h5 29. Bxa5 Bxa5 30. Rxd3 Rxd3 31. Nc5+ Kb6 32. Nxd3 Rd6 33. Ne5 Rd1+ 34. Ke2 Re1+ 35. Kf2 Rh1 36. Nc4+ Kb5 37.
Nxa5 Kxa5 38. Rxc6 Rxh2 39. Rf6 Rh1 40. Rxf7 Rb1 41.
Rf5+ Kb4 42. Rxh5 Rxb2+ 43. Kg3 Kc3 44. Rd5 1-0

[Event "*** Titled Tuesday Blitz"]
[Site "Chess.com"]
[Date "2020.12.01"]
[Round "1"]
[White "NewBornNow"]
[Black "Perecke"]
[Result "0-1"]
[WhiteElo "2695"]
[BlackElo "2383"]
[TimeControl "180+1"]
[EndTime "10:07:02 PST"]
[Termination "Perecke won by checkmate"]

1. e4 c5 2. Nf3 e6 3. d3 d5 4.
Qe2 dxe4 5. dxe4 Nc6 6. g3 g6 7. Bg2 Bg7 8. O-O Nge7 9. Rd1 Qb6 10. c3 O-O 11. Na3 e5 12. Nc4 Qc7 13. Ne3 Rd8 14.
Nd5 Nxd5 15. exd5 Ne7 16. Be3 Nxd5 17. Bg5 f6 18. Nxe5 Nb6 19. Nxg6 hxg6 20. Bf4 Rxd1+ 21.
Rxd1 Qf7 22. Rd8+ Kh7 23. Re8 Bg4 24. Re7 Re8 25. Rxf7 Rxe2 26. Bxb7 Bh3 27. f3 Rg2+ 28. Kf1 Rxh2+ 29. Ke1 Rxb2 30. Be3 Nc4 31. Bxc5 Ne5 32. Rc7 Nd3+ 33. Kd1 Bf1 34. Bd4 Be2# 0-1

[Event "*** Titled Tuesday Blitz"]
[Site "Chess.com"]
[Date "2020.12.01"]
[Round "1"]
[White "GelmanAlexander"]
[Black "norwaytoadog"]
[Result "1-0"]
[WhiteElo "2575"]
[BlackElo "2266"]
[TimeControl "180+1"]
[EndTime "10:07:03 PST"]
[Termination "GelmanAlexander won on time"]

1. d4 d5 2. Nc3 Nf6 3. Bf4 a6 4. e3 e6 5. g4 Bb4 6. Ne2 c5 7. a3 cxd4 8. axb4 dxc3 9. Nxc3 Nc6 10. b5 Ne7 11. g5 Ne4 12. Nxe4 dxe4 13. Qxd8+ Kxd8 14. Bg2 Nd5 15. Bxe4 Nxf4 16. exf4 Kc7 17. bxa6 Rxa6 18. Rxa6 bxa6 19. Ke2 Bd7 20. Ke3 h5 21. Rd1 Rb8 22. b3 f6 23. Ra1 Rb6 24. Bd3 Bb5 25. c4 Bc6 26. Ra3 Kb7 27. c5 Rb4 28. Bxa6+ Kc7 29.
Bc4 1-0

[Event "*** Titled Tuesday Blitz"]
[Site "Chess.com"]
[Date "2020.12.01"]
[Round "1"]
[White "TheKingDoctor"]
[Black "aleksey1203borisovi4"]
[Result "0-1"]
[WhiteElo "2089"]
[BlackElo "2486"]
[TimeControl "180+1"]
[EndTime "10:07:03 PST"]
[Termination "aleksey1203borisovi4 won by resignation"]

1. d4 g6 2. e4 Bg7 3. Nc3 d6 4. f4 Nc6 5. Nf3 Bg4 6. Bb5 Bxf3 7. gxf3 a6 8. Bxc6+ bxc6 9. Be3 Rb8 10. Rb1 c5 11. dxc5 Rxb2 12. Bd4 Rxb1 13. Nxb1 e5 14. fxe5 dxe5 15.
Bf2 Qb8 16. Nc3 Nf6 17. O-O O-O 18. Nd5 Nh5 19. Qb1 Qd8 20. Qc1 c6 21. Nb6 Nf4 22. Kh1 Qg5 23. Rg1 Qh5 24. Qd1 Nh3 25. Rg2 Bf6 26. Nc4 Rd8 27. Nd6 Bg5 28. Bg3 Be3 29. Qe2 Bxc5 30. Nc4 Bd4 31. Na5 Rb8 32. Nxc6 Rb1+ 33.
Be1 Bc3 34. Ne7+ Kf8 35. Nd5 Rxe1+ 0-1

[Event "*** Titled Tuesday Blitz"]
[Site "Chess.com"]
[Date "2020.12.01"]
[Round "1"]
[White "catzapto"]
[Black "szachuspl"]
[Result "0-1"]
[WhiteElo "2129"]
[BlackElo "2497"]
[TimeControl "180+1"]
[EndTime "10:07:05 PST"]
[Termination "szachuspl won by resignation"]

1. e4 c5 2. Nf3 e6 3. c3 Nf6 4.
e5 Nd5 5. d4 cxd4 6. cxd4 d6 7.
Nc3 Nxc3 8. bxc3 Qc7 9. Bb5+ Nd7 10. Bd2 a6 11. Bxd7+ Bxd7 12. O-O Bb5 13. Re1 d5 14. a4 Bc4 15. Bg5 h6 16. Bh4 g5 17. Bg3 Be7 18. Nd2 Bd3 19. Re3 Bg6 20. c4 dxc4 21. d5 Bc5 22. d6 Qc6 23. Nxc4 Bxe3 24. Nxe3 O-O 25. Rc1 Qe4 26. Rc7 b5 27. Qc1 bxa4 28. f3 Qb1 29. Qxb1 Bxb1 30. Nc4 Rac8 31. Nb6 Rcd8 32. Bf2 a3 33. Nd7 a2 34. Bd4 Bd3 35. Nxf8 Kxf8 36. d7 Bb5 37. Bc5+ Kg7 38. Bd4 Bxd7 39.
Kf2 Bb5 40. Bc3 Rd2+ 41. Ke3 Rc2 42. f4 Rxc3+ 43. Rxc3 a1=Q 44. fxg5 Qxc3+ 45. Kf4 Qd4+ 0-1

[Event "*** Titled Tuesday Blitz"]
[Site "Chess.com"]
[Date "2020.12.01"]
[Round "1"]
[White "LiamVrolijk"]
[Black "brunomorado"]
[Result "1-0"]
[WhiteElo "2824"]
[BlackElo "2406"]
[TimeControl "180+1"]
[EndTime "10:07:06 PST"]
[Termination "LiamVrolijk won by resignation"]

1. d4 d5 2. c4 c6 3. Nf3 Nf6 4. Nc3 e6 5. e3 Nbd7 6. b3 Bb4 7. Bd2 Qe7 8. Bd3 e5 9. dxe5 Nxe5 10. Nxe5 Qxe5 11. Qc1 O-O 12. a3 Ba5 13. b4 Bc7 14. cxd5 cxd5 15. Nb5 Bb8 16. Bc3 Qg5 17. g3 Ne4 18.
Bd4 a5 19. f3 Bxg3+ 20. hxg3 Qxg3+ 21. Kd1 Qxf3+ 22. Kc2 Qf2+ 23. Kb1 Nd2+ 24. Qxd2 Qxd2 25. Bxh7+ Kh8 26. Ra2 Qxa2+ 27. Kxa2 axb4 28. Bd3+ Kg8 29. Bh7+ Kh8 30. Bc5 Rd8 31. Bxb4 d4 32. Bd3+ Kg8 33.
Bh7+ Kh8 34. Nxd4 f6 35. Bd3+ Kg8 36. Bc4+ 1-0

[Event "*** Titled Tuesday Blitz"]
[Site "Chess.com"]
[Date "2020.12.01"]
[Round "1"]
[White "dretch"]
[Black "Triumphmate"]
[Result "1-0"]
[WhiteElo "2820"]
[BlackElo "2404"]
[TimeControl "180+1"]
[EndTime "10:07:07 PST"]
[Termination "dretch won by checkmate"]

1. d4 d5 2. c4 e6 3. Nc3 Be7 4. cxd5 exd5 5. Bf4 c6 6. e3 Nf6 7. Bd3 Be6 8. Nge2 Nbd7 9. h3 Rc8 10. O-O O-O 11. Rc1 h6 12. Bg3 a6 13. Nf4 c5 14.
Qf3 Nb6 15. Rfd1 cxd4 16. exd4 Bd6 17. Re1 Qd7 18. Re2 Rfe8 19. Rce1 Nc4 20. Bh4 Nh7 21.
Ncxd5 Bxf4 22. Nxf4 Qxd4 23. Nxe6 fxe6 24. b3 Nb2 25.
Be4 Rf8 26. Qg4 Qc3 27. Qg6 Nf6 28. Bxf6 Rxf6 29. Qh7+ Kf7 30. Bf3 Nd3 31. Bh5+ Ke7 32. Qxg7+ Rf7 33. Rxe6+ Kd8 34. Qxf7 Nxe1 35. Re8# 1-0

[Event "*** Titled Tuesday Blitz"]
[Site "Chess.com"]
[Date "2020.12.01"]
[Round "1"]
[White "Klavdia_Nik"]
[Black "Gulkov_Igor"]
[Result "0-1"]
[WhiteElo "2067"]
[BlackElo "2479"]
[TimeControl "180+1"]
[EndTime "10:07:07 PST"]
[Termination "Gulkov_Igor won on time"]

1. Nf3 Nf6 2. c4 g6 3. b3 Bg7 4.
Bb2 O-O 5. g3 d6 6. d4 e5 7.
dxe5 Ng4 8. Bg2 Nxe5 9. Nc3 Nbc6 10. O-O Bg4 11. h3 Nxf3+ 12. exf3 Be6 13. f4 Rb8 14. Qd2 Qd7 15. Kh2 Rfe8 16. Nd5 Bxd5 17. cxd5 Ne7 18. Bxg7 Kxg7 19. g4 f6 20. Rfe1 Ng8 21. Qd4 a6 22. Rac1 Rxe1 23. Rxe1 Re8 24. Rxe8 Qxe8 25. Qc3 Qe7 26.
Bf3 b6 27. Kg2 a5 28. Qe3 Kf8 29. Qxe7+ Kxe7 30. Be4 Kf7 31. Kf3 h6 32. Ke3 Ne7 33. f3 g5 34. fxg5 fxg5 35. f4 Kf6 0-1

[Event "*** Titled Tuesday Blitz"]
[Site "Chess.com"]
[Date "2020.12.01"]
[Round "1"]
[White "CraiggoryC"]
[Black "Doraemon7"]
[Result "0-1"]
[WhiteElo "2176"]
[BlackElo "2526"]
[TimeControl "180+1"]
[EndTime "10:07:08 PST"]
[Termination "Doraemon7 won on time"]

1. e4 e5 2. Nc3 Nf6 3. g3 Bc5 4.
Bg2 d6 5. Nge2 Nc6 6. O-O Nd4 7. d3 Bd7 8. h3 h5 9. Be3 h4 10. g4 Nxg4 11. hxg4 h3 12. Bh1 h2+ 13. Kg2 Qh4 14. f3 Bxg4 15. fxg4 Qxg4+ 16. Ng3 Qh3+ 17. Kf2 O-O-O 18. Nd5 Rdf8 19. c3 Ne6 20. Bxc5 Nxc5 21. Bf3 Kb8 22. Rh1 g6 23. Bg4 Qh4 24. Ne3 Ne6 25.
Kg2 Nf4+ 26. Kf3 f5 27. exf5 gxf5 28. Nexf5 Qg5 29. Qd2 Rhg8 30. Rxh2 Qxg4+ 31. Ke3 Nd5+ 32. Kf2 Qxg3+ 0-1

[Event "*** Titled Tuesday Blitz"]
[Site "Chess.com"]
[Date "2020.12.01"]
[Round "1"]
[White "Bwert2602"]
[Black "Gudmundur_Kjartansson"]
[Result "0-1"]
[WhiteElo "2225"]
[BlackElo "2554"]
[TimeControl "180+1"]
[EndTime "10:07:09 PST"]
[Termination "Gudmundur_Kjartansson won on time"]

1. e4 c5 2. Nf3 d6 3. Nc3 Nf6 4. Bc4 g6 5. e5 dxe5 6. Nxe5 e6 7.
Qf3 Bg7 8. d3 O-O 9. Bg5 h6 10.
Bh4 Nbd7 11. Nxd7 Bxd7 12. Ne4 g5 13. Bg3 b5 14. Bb3 Nxe4 15. Qxe4 Bxb2 16. Rb1 Bc3+ 17. Kf1 f5 18. Bxe6+ Kh7 19. Qb7 f4 20. Bxd7 Kh8 21.
Bxb5 Bd4 22. Bc6 Rc8 23. Be4 Rc7 24. Qb3 fxg3 25. f3 Qd6 26. hxg3 Be5 27. Qd5 Qf6 0-1

[Event "*** Titled Tuesday Blitz"]
[Site "Chess.com"]
[Date "2020.12.01"]
[Round "1"]
[White "nonsopolo1"]
[Black "juancruzarias"]
[Result "0-1"]
[WhiteElo "2183"]
[BlackElo "2533"]
[TimeControl "180+1"]
[EndTime "10:07:09 PST"]
[Termination "juancruzarias won by resignation"]

1. d4 Nf6 2. Nf3 e6 3. g3 c5 4. c3 Nc6 5. Bg2 cxd4 6. cxd4 d5 7. O-O Bd6 8. Nc3 O-O 9. Bg5 Be7 10. e3 a6 11. Rc1 Bd7 12. a3 Rc8 13. Na4 Na5 14. Nc5 Bxc5 15. dxc5 Nc4 16. Qe2 h6 17. Bf4 Bb5 18. Nd4 e5 19. Nxb5 axb5 20. b3 exf4 21. bxc4 bxc4 22. gxf4 Rxc5 23. Rfd1 Qa5 24.
Qb2 b6 25. Qb4 Qxb4 26. axb4 Rb5 27. Rb1 Rc8 28. Rdc1 Ne4 29. Rc2 f5 30. f3 Nf6 31.
Bh3 g6 32. Kf2 Kf7 33. Ke2 c3 34. Bf1 Rc4 35. Kd3 Rcxb4 36. Rxb4 Rxb4 37. Rxc3 Rb2 38. Be2 Nd7 39. Rc7 Ke7 40. Bd1 Kd6 41. Ra7 Rxh2 42. Bb3 Nc5+ 43. Kc3 Re2 44. Bc2 Rxe3+ 45. Kd2 Rxf3 46. Bd3 Rxd3+ 0-1

[Event "*** Titled Tuesday Blitz"]
[Site "Chess.com"]
[Date "2020.12.01"]
[Round "1"]
[White "igorknyazev"]
[Black "WPWPWP-2015"]
[Result "0-1"]
[WhiteElo "2071"]
[BlackElo "2482"]
[TimeControl "180+1"]
[EndTime "10:07:10 PST"]
[Termination "WPWPWP-2015 won on time"]

1. e4 e5 2. Nf3 Nf6 3. Nxe5 d6 4. Nf3 Nxe4 5. Qe2 Qe7 6. d3 Nf6 7. Bg5 Qxe2+ 8. Bxe2 Be7 9. Nc3 c6 10. O-O-O Na6 11.
d4 Nc7 12. Rhe1 Ne6 13. Bh4 d5 14. h3 h6 15. Bf1 O-O 16. g4 Re8 17. Bg3 Ng5 18.
Nxg5 hxg5 19. Rd2 Be6 20. f3 Bb4 21. a3 Bf8 22. h4 Nh7 23. Bd3 gxh4 24. Bxh4 g6 25.
Rde2 Bh6+ 26. Kb1 Ng5 27. Rf1 Nh3 28. Bg3 Nf4 29. Bxf4 Bxf4 30. Rg2 Kg7 31. Ne2 Bd6 32.
f4 Bd7 33. g5 Bh3 34. Rgf2 Bxf1 35. Rxf1 Re3 36. f5 gxf5 37. Rxf5 Rae8 38. Nf4 Bxf4 39.
Rxf4 Re1+ 40. Ka2 Rg1 41. Rh4 Rxg5 42. Rh7+ Kf6 43. c4 Re3 44. Bc2 dxc4 0-1

[Event "*** Titled Tuesday Blitz"]
[Site "Chess.com"]
[Date "2020.12.01"]
[Round "1"]
[White "InitiatingASC"]
[Black "exoticprincess"]
[Result "0-1"]
[WhiteElo "2434"]
[BlackElo "2897"]
[TimeControl "180+1"]
[EndTime "10:07:11 PST"]
[Termination "exoticprincess won by resignation"]

1. Nf3 d5 2. g3 c6 3. Bg2 Bg4 4. O-O e6 5. d3 Nd7 6. Nbd2 g6 7.
Rb1 Bg7 8. a3 Ne7 9. b4 O-O 10.
Bb2 Bxb2 11. Rxb2 Bxf3 12. Bxf3 Qc7 13. c4 Rfd8 14. Qb1 Ne5 15. Bg2 dxc4 16. Nxc4 Nxc4 17. dxc4 Rd4 18. Rc2 Rad8 19. Qb2 Nf5 20. b5 c5 21. Qc3 b6 22. Rfc1 Rd1+ 23. Bf1 Qd6 24. a4 h5 25. h4 Rd4 26. Qf3 Rg4 27. Rc3 Nxh4 28. Qb7 Nf5 29. Rd3 Rd4 30. Rcd1 h4 31. e3 Nxe3 32. fxe3 Rxd3 33. Rxd3 Qxg3+ 34. Qg2 Qxg2+ 35.
Kxg2 Rxd3 36. Bxd3 f5 37. e4 Kg7 38. e5 g5 39. Kf3 Kg6 40. a5 bxa5 41. Bc2 Kh5 42.
Kg2 g4 43. Bd1 Kg5 44. Kf2 Kf4 45. Kg2 Kxe5 46. Be2 a4 0-1

[Event "*** Titled Tuesday Blitz"]
[Site "Chess.com"]
[Date "2020.12.01"]
[Round "1"]
[White "redbaron8888"]
[Black "ecwinslow"]
[Result "1-0"]
[WhiteElo "2552"]
[BlackElo "2231"]
[TimeControl "180+1"]
[EndTime "10:07:12 PST"]
[Termination "redbaron8888 won on time"]

1. d4 Nf6 2. c4 e6 3. g3 c5 4. d5 exd5 5. cxd5 d6 6. Nc3 g6 7.
Bg2 Bg7 8. Nf3 O-O 9. O-O Re8 10.
Re1 a6 11. a4 Bg4 12. h3 Bxf3 13. Bxf3 Nbd7 14. Bg2 Rb8 15. a5 b5 16. axb6 Rxb6 17. e4 h5 18. Qe2 Qc8 19. Bf4 Ne5 20. Bxe5 Rxe5 21. Qc2 Qb8 22. Re2 Re7 23. f4 Reb7 24. Ra2 Nd7 25. Kh2 Bd4 26. e5 dxe5 27. f5 h4 28. d6 hxg3+ 29. Kxg3 e4 30. Bxe4 Qxd6+ 31. Kg2 Rb8 32. fxg6 fxg6 33. Bd5+ Kg7 34. Re6 Qxe6 35. Bxe6 Rxe6 36. Ne2 Bf6 37. Nf4 Rd6 38. Qxg6+ Kf8 39. Qf5 Rb4 40. Nd5 1-0

[Event "*** Titled Tuesday Blitz"]
[Site "Chess.com"]
[Date "2020.12.01"]
[Round "1"]
[White "Jabberwockiez"]
[Black "Fh2411"]
[Result "0-1"]
[WhiteElo "2239"]
[BlackElo "2558"]
[TimeControl "180+1"]
[EndTime "10:07:13 PST"]
[Termination "Fh2411 won by resignation"]

1. e4 c5 2. Nc3 e6 3. Nf3 a6 4. d4 cxd4 5. Nxd4 Qc7 6. Be3 Bb4 7. Qd2 Nf6 8. Bd3 d5 9. e5 Nfd7 10. f4 Nc6 11. O-O Ne7 12. f5 Nxe5 13. fxe6 fxe6 14. Bf4 Bd6 15. Kh1 Nxd3 16. Bxd6 Qxd6 17. Qxd3 e5 18. Qg3 Ng6 19. Nf5 Bxf5 20. Rxf5 O-O-O 21. Rd1 Qe6 22. Rf2 Rd7 23. Na4 Qc6 24. Rf3 Qxa4 25. Rc3+ Kb8 26. b3 Qf4 27. Qd3 Rhd8 28. Rc5 Qb4 29. Rc3 Ka8 30. a3 Qb6 31. b4 Nf4 32. Qf3 g5 33. Rc5 e4 34. Qe3 Qe6 35. Qd4 Qg4 36. Rg1 Ne2 37. Qe3 Nxg1 38. b5 Qd1 39. Qxg1 Qxg1+ 40. Kxg1 axb5 41. Rxb5 d4 42. Kf2 d3 43. cxd3 exd3 44.
Rb1 d2 45. Rd1 Re8 46. g3 g4 0-1

[Event "*** Titled Tuesday Blitz"]
[Site "Chess.com"]
[Date "2020.12.01"]
[Round "1"]
[White "ambaixador"]
[Black "rasmussvane"]
[Result "0-1"]
[WhiteElo "2431"]
[BlackElo "2872"]
[TimeControl "180+1"]
[EndTime "10:07:14 PST"]
[Termination "rasmussvane won by resignation"]

1. Nf3 d5 2. d4 Nf6 3. c4 e6 4. g3 dxc4 5. Qa4+ Nbd7 6. Bg2 a6 7. Qxc4 b5 8. Qc6 Rb8 9. O-O Bb7 10. Qc2 c5 11.
Rd1 Rc8 12. Qd3 Qb6 13. e3 cxd4 14. exd4 Be7 15. Nc3 O-O 16. a3 Rfd8 17. Be3 Nd5 18. Bg5 Nxc3 19. Bxe7 Nxd1 20. Bxd8 Nxf2 21. Bxb6 Nxd3 22.
Ba5 Nxb2 23. Bb4 Nc4 24. Ne1 Bxg2 25. Kxg2 f6 26. Nd3 Kf7 27. Kf3 e5 28. d5 Ndb6 29.
d6 Rd8 30. Nc5 a5 31. Nb7 Rd7 32. Nxa5 Nxa5 33. Bxa5 Rxd6 34. Bb4 Rd3+ 35. Kg2 Ke6 36. Rb1 Nc4 37. Bf8 Nxa3 38. Bxg7 Nxb1 0-1

[Event "*** Titled Tuesday Blitz"]
[Site "Chess.com"]
[Date "2020.12.01"]
[Round "1"]
[White "queen_iryna"]
[Black "Love_craft"]
[Result "1-0"]
[WhiteElo "2309"]
[BlackElo "2587"]
[TimeControl "180+1"]
[EndTime "10:07:14 PST"]
[Termination "queen_iryna won on time"]

1. e4 g6 2. d4 Bg7 3. Nc3 d6 4. Be3 a6 5. Qd2 b5 6. h4 h5 7. f4 Nf6 8. Bd3 Bb7 9. e5 Ng4 10. Nf3 e6 11. Ne4 Nc6 12. O-O-O Ne7 13. Bg1 Nf5 14. Kb1 Qe7 15. Neg5 Bd5 16. Be4 Bxe4 17. Nxe4 Rd8 18. Qa5 O-O 19. Nh2 Nge3 20. Rd3 Nc4 21.
Qxa6 Ra8 22. Qxb5 Nxb2 23. Qxb2 c5 24. exd6 Qa7 25. Rb3 cxd4 26. g3 Qa6 27. Bf2 Qe2 28. Re1 Qc4 29. Rb4 1-0

[Event "*** Titled Tuesday Blitz"]
[Site "Chess.com"]
[Date "2020.12.01"]
[Round "1"]
[White "javirec"]
[Black "RobertoJBM"]
[Result "0-1"]
[WhiteElo "2366"]
[BlackElo "2719"]
[TimeControl "180+1"]
[EndTime "10:07:15 PST"]
[Termination "RobertoJBM won on time"]

1. e4 c6 2. d4 d5 3. f3 g6 4. Nc3 Bg7 5. Be3 Qb6 6. Qd2 Qxb2 7. Rb1 Qa3 8. Bd3 dxe4 9. fxe4 Nf6 10. Nf3 Ng4 11. Bg1 e5 12. Rb3 Qe7 13. d5 O-O 14. h3 Nf6 15. Bc4 Nbd7 16. d6 Qd8 17. Be3 Nb6 18. Be2 Be6 19. Rb4 Nfd7 20. Ng5 h6 21. Nxe6 fxe6 22. g3 Kh7 23. a4 Rb8 24.
Nd1 Nc8 25. Rb3 Rf7 26. Nf2 Qf8 27. Bg4 Qxd6 28. Rd3 Qe7 29. h4 Ncb6 30. Qe2 Rbf8 31. a5 Nc4 0-1

[Event "*** Titled Tuesday Blitz"]
[Site "Chess.com"]
[Date "2020.12.01"]
[Round "1"]
[White "Mambastik-Fantastic"]
[Black "Sashadav97"]
[Result "0-1"]
[WhiteElo "2307"]
[BlackElo "2628"]
[TimeControl "180+1"]
[EndTime "10:07:15 PST"]
[Termination "Sashadav97 won by resignation"]

1. e4 c5 2. Nf3 e6 3. d4 cxd4 4. Nxd4 Nf6 5. Nc3 Nc6 6. Ndb5 Bc5 7. Nd6+ Ke7 8. Nc4 d5 9. exd5 exd5 10. Qe2+ Be6 11.
Ne5 Re8 12. Nxc6+ bxc6 13. Bg5 Kf8 14. O-O-O Bg4 15. Bxf6 Bxe2 16. Bxd8 Bxd1 17. Bh4 Bh5 18. Ba6 Re6 19. a3 Rae8 20. b4 Bb6 21. Kd2 Bg6 22.
f3 Be3+ 23. Kd1 Bd4 24. Ne2 Bb6 25. Nf4 Re3 26. Nxg6+ hxg6 27. Bd3 a5 28. Be1 axb4 29. axb4 Bd4 30. Kd2 R3e7 31. Bg3 Ra7 32. h4 Ra3 33. Bd6+ Kg8 34. c4 Ra2+ 35. Bc2 dxc4 36. h5 gxh5 37.
Rxh5 g6 38. Rh4 c3+ 39. Kd3 Bf6 40. Rc4 Ra6 41. Bb3 Rd8 0-1

[Event "*** Titled Tuesday Blitz"]
[Site "Chess.com"]
[Date "2020.12.01"]
[Round "1"]
[White "midedu"]
[Black "amiralfio"]
[Result "0-1"]
[WhiteElo "2096"]
[BlackElo "2487"]
[TimeControl "180+1"]
[EndTime "10:07:15 PST"]
[Termination "amiralfio won by resignation"]

1. e4 c5 2. Nc3 Nc6 3. g3 g6 4. Bg2 Bg7 5. Nge2 d6 6. O-O e6 7. h3 Nge7 8. d3 O-O 9. Bg5 Rb8 10. Qd2 b5 11. Bh6 b4 12. Nd1 Nd4 13. Bxg7 Kxg7 14. c3 Nxe2+ 15. Qxe2 f5 16. f4 Bb7 17. Re1 Ng8 18.
Ne3 bxc3 19. bxc3 Qf6 20. Qc2 e5 21. fxe5 Qxe5 22. Nf1 f4 23. gxf4 Qxf4 24. Rab1 Bc6 25. d4 Bb5 26. e5 cxd4 27. cxd4 Qxd4+ 28. Kh2 Qf4+ 29. Kh1 dxe5 30. Qc7+ Kh8 31. Qxe5+ Qxe5 32. Rxe5 Bxf1 33. Bxf1 Rxb1 0-1

[Event "*** Titled Tuesday Blitz"]
[Site "Chess.com"]
[Date "2020.12.01"]
[Round "1"]
[White "googlegoom"]
[Black "yonaltimur"]
[Result "1-0"]
[WhiteElo "2461"]
[BlackElo "1793"]
[TimeControl "180+1"]
[EndTime "10:07:15 PST"]
[Termination "googlegoom won on time"]

1. Nf3 d5 2. b3 e6 3. Bb2 Nf6 4.
e3 Be7 5. Be2 O-O 6. O-O c5 7. d4 Nc6 8. Nbd2 b6 9. c4 Bb7 10. Rc1 dxc4 11. Nxc4 cxd4 12. Nxd4 Nxd4 13. Bxd4 Rc8 14. Bf3 Bxf3 15. Qxf3 Qd5 16. Qe2 Rfd8 17. Rfd1 Qb7 18. Qb2 h6 19. h3 Rd5 20. Ne5 Rdd8 21. a4 Rxc1 22. Rxc1 Rc8 23. Rc2 Nd5 24. Qc1 Rxc2 25.
Qxc2 Nb4 26. Qb2 Qc7 27. Nc4 Bf8 28. Qd2 Qd7 29. Ne5 Qc7 30. Bc3 Nd5 31. Bb2 Bb4 32.
Qd4 Bc3 33. Bxc3 Qxc3 34. Qxc3 Nxc3 35. Nc6 a6 36. Nb8 a5 37. Nd7 Ne2+ 38. Kf1 Nc1 39. Nxb6 Nxb3 40. Ke2 Kf8 41. Kd3 Nc5+ 42. Kd4 Nb7 43.
Kc4 Ke7 44. Kb5 Kd6 45. Nc4+ Kd7 46. Nxa5 Nxa5 47. Kxa5 f5 48. Kb6 Kc8 49. Kc6 e5 50.
Kd5 e4 51. Ke5 1-0

[Event "*** Titled Tuesday Blitz"]
[Site "Chess.com"]
[Date "2020.12.01"]
[Round "1"]
[White "BAS8892"]
[Black "ljuks68"]
[Result "1/2-1/2"]
[WhiteElo "2715"]
[BlackElo "2382"]
[TimeControl "180+1"]
[EndTime "10:07:16 PST"]
[Termination "Game drawn by repetition"]

1. d4 d5 2. Nf3 Nf6 3. e3 c5 4. c4 cxd4 5. exd4 Nc6 6. Nc3 e6 7. a3 Be7 8. Bg5 O-O 9. Be2 b6 10. O-O Bb7 11. Re1 Rc8 12. Bxf6 Bxf6 13. cxd5 exd5 14. Bf1 Qd6 15. g3 Rfd8 16. Bg2 Na5 17. Ne5 Nc4 18. Qe2 a6 19. Rac1 b5 20. f4 Qb6 21.
Qf2 h6 22. g4 g6 23. h4 Bg7 24.
g5 h5 25. f5 Bxe5 26. dxe5 Qxf2+ 27. Kxf2 Nxb2 28. Bf1 d4 29. Ne4 Rxc1 30. Nf6+ Kg7 31. Rxc1 d3 32. Rc7 d2 33. Be2 Nd3+ 34. Ke3 Nxe5 35. fxg6 Bf3 36. gxf7 Bxe2 37. f8=Q+ Kxf8 38. Nh7+ Kg8 39. Nf6+ Kf8 40. g6 Nxg6 41. Nh7+ Kg8 42. Nf6+ Kf8 43. Nh7+ Kg8 44. Nf6+ Kf8 1/2-1/2

[Event "*** Titled Tuesday Blitz"]
[Site "Chess.com"]
[Date "2020.12.01"]
[Round "1"]
[White "Gurvich_Vitaly"]
[Black "Eloist"]
[Result "1-0"]
[WhiteElo "2603"]
[BlackElo "2292"]
[TimeControl "180+1"]
[EndTime "10:07:16 PST"]
[Termination "Gurvich_Vitaly won on time"]

1. e4 e6 2. d4 d5 3. Nc3 Nf6 4. Bg5 dxe4 5. Nxe4 Be7 6. Bxf6 gxf6 7. Nf3 f5 8. Nc3 a6 9. g3 b5 10. Bg2 Bb7 11. O-O O-O 12. Qe2 c5 13. Rad1 cxd4 14. Rxd4 Qb6 15. Rfd1 Nc6 16. Rd7 Rad8 17. Ne5 Nxe5 18. Rxb7 Rxd1+ 19. Qxd1 Qc5 20. Qe2 Bf6 21.
h3 Rd8 22. Nd1 Rd7 23. Rb8+ Rd8 24. b4 Qd6 25. Rxd8+ Qxd8 26. Ne3 Qd4 27. Qe1 Kg7 28. c3 Qd3 29. Qc1 Ng6 30. c4 Bd4 31. c5 f4 32.
Qc2 Qxc2 33. Nxc2 Bc3 34. Bb7 fxg3 35. fxg3 Ne5 36. Bxa6 Nf3+ 37. Kg2 Nd4 38. Nxd4 Bxd4 39. Bxb5 Bc3 40. c6 Bxb4 41. c7 1-0

[Event "*** Titled Tuesday Blitz"]
[Site "Chess.com"]
[Date "2020.12.01"]
[Round "1"]
[White "DonPreuss"]
[Black "CheckThis4"]
[Result "0-1"]
[WhiteElo "2241"]
[BlackElo "2560"]
[TimeControl "180+1"]
[EndTime "10:07:17 PST"]
[Termination "CheckThis4 won on time"]

1. d4 d5 2. e4 dxe4 3. Nc3 e5 4. Nxe4 exd4 5. Bb5+ c6 6. Bc4 Bf5 7. Ng3 Bg6 8. Nf3 Bb4+ 9. Bd2 Qe7+ 10. Ne2 Nf6 11. O-O O-O 12. Nexd4 Bxd2 13. Qxd2 Rd8 14. Rfe1 Qc7 15.
Qe2 Nbd7 16. Rad1 Re8 17. Qd2 h6 18. Rxe8+ Rxe8 19. Re1 Ne5 20. Nxe5 Rxe5 21. Rxe5 Qxe5 22. c3 Ne4 23. Qe2 Qf4 24. h3 Qc1+ 25. Kh2 Qf4+ 26.
Kg1 Kh7 27. Bb3 Qc1+ 28. Kh2 Nd2 29. g3 Qxb2 30. Nf3 Nxf3+ 31. Qxf3 f6 32. h4 h5 33. Qf4 Qe2 34. Kg1 a5 35. Qb8 Qe1+ 0-1

[Event "*** Titled Tuesday Blitz"]
[Site "Chess.com"]
[Date "2020.12.01"]
[Round "1"]
[White "Aborigen_came"]
[Black "tteshan"]
[Result "1-0"]
[WhiteElo "2761"]
[BlackElo "2384"]
[TimeControl "180+1"]
[EndTime "10:07:18 PST"]
[Termination "Aborigen_came won by resignation"]

1. Nc3 d5 2. e4 d4 3. Nce2 e5 4. Ng3 Nf6 5. Bc4 Be7 6. d3 O-O 7. Nf3 Nbd7 8. O-O a6 9. Nf5 b5 10. Bb3 Bd6 11. a3 Nc5 12. Nxd6 Qxd6 13. Ba2 Be6 14.
Bg5 Bxa2 15. Rxa2 h6 16. Bd2 Ne6 17. Nh4 c5 18. Nf5 Qc7 19. Qf3 Nh7 20. Qg3 Kh8 21.
a4 c4 22. Bb4 Rfd8 23. axb5 axb5 24. Bd6 Qd7 25. Rxa8 Rxa8 26. Bxe5 f6 27. Bf4 Nxf4 28. Qxf4 cxd3 29. cxd3 Ng5 30. h4 Ne6 31. Qg4 Qf7 32. h5 Ra2 33. Rc1 Rxb2 34. Rc6 Ng5 35. f4 Rb1+ 36. Kh2 Ne6 37. Rxe6 b4 38. Re7 1-0

[Event "*** Titled Tuesday Blitz"]
[Site "Chess.com"]
[Date "2020.12.01"]
[Round "1"]
[White "Joshukid"]
[Black "StockholmMissile"]
[Result "0-1"]
[WhiteElo "2663"]
[BlackElo "2357"]
[TimeControl "180+1"]
[EndTime "10:07:18 PST"]
[Termination "StockholmMissile won by resignation"]

1. Nf3 d5 2. c4 d4 3. b4 Bg4 4. Qb3 Bxf3 5. Qxf3 c6 6. Qb3 e5 7. g3 Nd7 8. Bg2 a5 9. b5 Nc5 10. Qd1 Qc7 11. O-O Nf6 12. d3 Rd8 13. a4 Be7 14. Nd2 O-O 15. Nb3 Nfd7 16. Ba3 Rfe8 17. Qc2 Nxb3 18. Qxb3 Bxa3 19. Qxa3 c5 20. Rab1 b6 21. e3 dxe3 22. fxe3 Nf6 23. Rxf6 gxf6 24. Bd5 Rxd5 25. cxd5 e4 26. Rf1 Qe5 27. Qb3 Kg7 28.
Re1 f5 29. dxe4 Qxe4 30. Kf2 Kg6 31. Rd1 Rd8 32. d6 Rd7 33. Rd2 Qb4 34. Qd1 c4 35. e4 c3 36. exf5+ Kf6 37. Rd5 Qb2+ 38. Kf3 c2 39. Qd2 c1=Q 0-1

[Event "*** Titled Tuesday Blitz"]
[Site "Chess.com"]
[Date "2020.12.01"]
[Round "1"]
[White "Shota_Azaladze"]
[Black "oezs95"]
[Result "1-0"]
[WhiteElo "2630"]
[BlackElo "2310"]
[TimeControl "180+1"]
[EndTime "10:07:18 PST"]
[Termination "Shota_Azaladze won by resignation"]

1. b3 g6 2. Bb2 Nf6 3. Bxf6 exf6 4. c4 Bg7 5. Nc3 f5 6. g3 O-O 7. Bg2 d6 8. e3 Nd7 9. Nge2 a5 10. O-O c6 11. d4 Re8 12. a3 Nf6 13. Qc2 Qe7 14. b4 Ne4 15. b5 Bd7 16. Rab1 Rab8 17. Rfd1 h5 18. h4 Nxc3 19. Nxc3 f4 20. exf4 Bf5 21. Qd2 Bxb1 22. Rxb1 Qf6 23. Rd1 c5 24. Ne4 Qxd4 25. Qc2 Qb2 26. Qxb2 Bxb2 27. a4 Rbd8 28. Rd5 Bd4 29.
Kf1 Re6 30. f5 Re5 31. Rxd6 Rxd6 32. Nxd6 b6 33. Bd5 gxf5 34. Bxf7+ Kg7 35. Bxh5 Bc3 36. Bf3 Kf6 37. Nc8 Re1+ 38. Kg2 Bd4 39. Nxb6 Ra1 40.
Nd5+ Ke5 41. b6 Rb1 42. h5 Rb2 43. Kh3 Kd6 44. h6 Bxf2 45. h7 Bd4 46. g4 fxg4+ 47. Kxg4 Kd7 48. Kf5 Kc8 49. Nf6 Bxf6 50. b7+ Kc7 51.
Kxf6 Rh2 52. Kg7 1-0